Sharks vs Maple Leafs (R1)

Created - May 17, 2021 at 19:03

Goals
1 2 3 T
Sharks 1 1 2 4
Maple Leafs 0 2 1 3
Shots
1 2 3 T
Sharks 14 8 5 27
Maple Leafs 9 8 13 30

1st period

1. Sharks , Nick Palmieri 3 (Jason Spezza 3, Mike Cammalleri 1) at 15:14

Penalties :
No Penalty

2nd period

2. Maple Leafs , Logan Couture 1 (Beau Bennett 2, Ryan Parent 1) at 12:27
3. Maple Leafs , Patrick Kane 3 (Kevin Shattenkirk 2, John Klingberg 3) at 16:00 (PP)
4. Sharks , Nick Palmieri 4 (Jason Spezza 4) at 16:09

Penalties :
Tyler Cuma (SJS) for Holding (Minor) at 2:17, Hampus Lindholm (Tor) for Roughing (Minor) at 7:39, Hampus Lindholm (Tor) for Interference (Minor) at 13:11, Nick Palmieri (SJS) for Hooking (Minor) at 15:47, Patrick Kane (Tor) for Interference (Minor) at 19:32

3rd period

5. Maple Leafs , Logan Couture 2 (Jake Guentzel 1) at 3:53
6. Sharks , Jason Spezza 3 (Karl Alzner 1) at 4:28
7. Sharks , Jason Spezza 4 (Nick Palmieri 5, Tyler Cuma 1) at 10:23

Penalties :
Zach Boychuk (SJS) for Hooking (Minor) at 6:10, Andrej Sekera (SJS) for Goalie Interference (Minor) at 16:54, Mika Zibanejad (Tor) for Roughing (Minor) at 19:35

Goalie Stats

Ryan Miller (SJS), 27 saves from 30 shots - (0.900), W, 2-1-0, 60:00 minutes
Tyler Weiman (Tor), 23 saves from 27 shots - (0.852), L, 0-1-0, 60:00 minutes

Players Stats for Sharks

Player Name              G  A  P  +/- PIM S  H  SB GA TA FO     MP     PP MP  PK MP  
------------------------------------------------------------------------------------
Andrej Sekera            0  0  0   0  2   1  0  1  0  1  0/0    12:35   0:12   0:00 
Bobby Butler             0  0  0  -1  0   1  1  0  0  0  2/2    14:14   0:12   0:00 
Boone Jenner             0  0  0   0  0   0  1  0  0  0  0/1     8:59   2:53   1:03 
Brayden McNabb           0  0  0   0  0   0  2  1  0  0  0/0    13:26   0:00   0:56 
David Rundblad           0  0  0   0  0   0  0  0  0  1  0/0     4:35   0:00   0:11 
Drew Doughty             0  0  0   0  0   2  1  0  3  1  0/0    28:14   4:01   3:37 
Jason Spezza             2  2  4   4  0   3  5  1  1  1  16/32  24:13   3:16   3:28 
Karl Alzner              0  1  1   2  0   0  1  1  0  0  0/0    18:29   2:20   2:24 
Luke Adam                0  0  0  -1  0   6  1  0  0  0  3/4    12:43   0:00   0:00 
Mike Cammalleri          0  1  1   4  0   1  2  0  0  0  2/3    22:37   3:07   2:12 
Milan Michalek           0  0  0  -1  0   1  4  0  0  0  1/1    16:42   0:21   1:24 
Nick Palmieri            2  1  3   4  2   5  1  0  2  0  2/3    24:01   3:16   3:15 
Oskar Osala              0  0  0  -1  0   1  1  1  0  0  0/0    15:17   2:53   0:00 
Phil Di Giuseppe         0  0  0   0  0   0  1  0  0  0  0/1     2:36   0:00   0:00 
PK Subban                0  0  0   2  0   0  0  3  0  2  0/0    20:28   2:20   3:37 
T.J. Hensick             0  0  0  -1  0   1  3  0  1  1  3/6    17:51   2:53   0:00 
Tyler Cuma               0  1  1   0  2   2  1  1  1  0  0/0    23:05   4:01   1:35 
Zach Boychuk             0  0  0  -1  2   3  0  0  0  0  0/0    13:41   0:00   0:58 

Players Stats for Maple Leafs

Player Name              G  A  P  +/- PIM S  H  SB GA TA FO     MP     PP MP  PK MP  
------------------------------------------------------------------------------------
Andre Burakovsky         0  0  0  -1  0   1  4  0  1  0  0/0    10:16   0:00   0:00 
Beau Bennett             0  1  1  -1  0   1  2  0  0  0  0/0    10:16   0:00   0:00 
Ben Smith                0  0  0   2  0   2  0  0  0  0  0/1    15:31   2:41   0:00 
Blake Comeau             0  0  0   0  0   1  1  0  0  1  0/0     8:48   0:01   0:00 
Bo Horvat                0  0  0  -1  0   1  0  1  0  0  1/4    10:16   0:00   0:00 
Brayden Schenn           0  0  0  -3  0   2  0  0  0  0  14/29  20:39   3:28   2:07 
Braydon Coburn           0  0  0   0  0   1  0  1  0  1  0/0    21:01   2:17   3:07 
Calvin de Haan           0  0  0  -1  0   0  0  1  0  1  0/0    13:40   0:00   1:19 
Claude Giroux            0  0  0  -3  0   3  3  0  4  0  1/1    22:40   3:28   3:41 
Dany Heatley             0  0  0   0  0   0  1  1  1  0  0/0    10:53   0:01   2:00 
Hampus Lindholm          0  0  0   0  4   1  1  0  0  1  0/0    18:44   2:17   1:00 
Jake Guentzel            0  1  1   2  0   2  2  0  0  0  1/1    15:31   2:41   0:00 
John Klingberg           0  1  1  -1  0   3  0  1  0  2  0/0    27:13   3:53   3:14 
Kevin Shattenkirk        0  1  1  -1  0   2  1  0  1  0  0/0    28:06   3:53   4:02 
Logan Couture            2  0  2   2  0   8  2  2  0  0  5/13   19:17   2:41   3:46 
Mika Zibanejad           0  0  0   0  2   0  1  0  0  0  2/4     9:47   0:01   0:28 
Patrick Kane             1  0  1  -3  2   2  1  0  0  1  0/0    19:11   3:28   0:40 
Ryan Parent              0  1  1  -1  0   0  0  1  0  1  0/0    11:46   0:00   0:00 

3 Stars

1 - Jason Spezza (SJS)
2 - Nick Palmieri (SJS)
3 - Logan Couture (Tor)

Power Play

Sharks - 0 on 4 Attempt(s) - 0.00%
Maple Leafs - 1 on 4 Attempt(s) - 25.00%

Penalty Kill

Sharks - 3 on 4 Attempt(s) - 75.00% - Score 0 goal in Penalty Kill
Maple Leafs - 4 on 4 Attempt(s) - 100.00% - Score 0 goal in Penalty Kill

Team Stat

Sharks - Hits : 25 - Faceoff Wins : 29 - Blocked Shots : 9 - Penalty Minutes : 8
Maple Leafs - Hits : 19 - Faceoff Wins : 24 - Blocked Shots : 8 - Penalty Minutes : 8

Official

Referees : Unknown
Linesman : Unknown

Game Notes

10:23 of 3rd period - Sharks goal is going for a video replay. After video review, Goal.

Finance

Level 1 -- Attendance: 5572 (92.87%) -- Ticket Income $612,920
Level 2 -- Attendance: 4256 (85.12%) -- Ticket Income $297,920
Level 3 -- Attendance: 1839 (91.95%) -- Ticket Income $84,594
Level 4 -- Attendance: 3468 (86.70%) -- Ticket Income $104,040
Luxury Box -- Attendance: 1000 (100.00%) -- Ticket Income $180,000
Game was played at the Maple Leafs Garden.
Total Attendance: 16135 (89.64%)
Total Ticket Income: $1,279,474
Other Income: $191,921
Total Income: $1,471,395

Sharks

5 vs 5 Forward 
   Center                   Left Wing                Right Wing               Time % Phy DF OF 
 1 Jason Spezza             Mike Cammalleri          Nick Palmieri            40     1   1  3  
 2 T.J. Hensick             Milan Michalek           Oskar Osala              30     1   2  2  
 3 Luke Adam                Zach Boychuk             Bobby Butler             20     1   2  2  
 4 T.J. Hensick             Milan Michalek           Boone Jenner             10     1   3  1  

5 vs 5 Defense 
   Defense                  Defense                                           Time % Phy DF OF 
 1 Drew Doughty             Tyler Cuma                                        40     1   1  3  
 2 PK Subban                Karl Alzner                                       30     1   2  2  
 3 Andrej Sekera            Brayden McNabb                                    20     1   2  2  
 4 David Rundblad           Drew Doughty                                      10     1   3  1  

PowerPlay Forward 
   Center                   Left Wing                Right Wing               Time % Phy DF OF 
 1 Jason Spezza             Mike Cammalleri          Nick Palmieri            60     1   1  3  
 2 T.J. Hensick             Boone Jenner             Oskar Osala              40     1   1  3  

PowerPlay Defense
   Defense                  Defense                                           Time % Phy DF OF 
 1 Drew Doughty             Tyler Cuma                                        60     1   1  3  
 2 PK Subban                Karl Alzner                                       40     1   1  3  

Penalty Kill 4 Players Forward 
   Center                   Wing                     Time % Phy DF OF 
 1 Jason Spezza             Nick Palmieri            60     1   4  0  
 2 Mike Cammalleri          Milan Michalek           40     1   4  0  

Penalty Kill 4 Players Defense
   Defense                  Defense                  Time % Phy DF OF 
 1 Drew Doughty             PK Subban                60     1   4  0  
 2 Tyler Cuma               Karl Alzner              40     1   4  0  

Penalty Kill - 3 Players Forward 
   Forward                                           Time % Phy DF OF 
 1 Jason Spezza                                      60     1   4  0  
 2 Nick Palmieri                                     40     1   4  0  

Penalty Kill - 3 Players Defense
   Defense                  Defense                  Time % Phy DF OF 
 1 Drew Doughty             PK Subban                60     1   4  0  
 2 Tyler Cuma               Karl Alzner              40     1   4  0  

4 vs 4 Forward 
   Center                   Wing                     Time % Phy DF OF 
 1 Jason Spezza             Nick Palmieri            60     1   2  2  
 2 Mike Cammalleri          Luke Adam                40     1   2  2  

4 vs 4 Defense
   Defense                  Defense                  Time % Phy DF OF 
 1 Drew Doughty             Tyler Cuma               60     1   2  2  
 2 PK Subban                Karl Alzner              40     1   2  2  

Last Minutes Offensive
   Center                   Left Wing                Right Wing               Defense                  Defense                  
   Jason Spezza             Mike Cammalleri          Nick Palmieri            Drew Doughty             PK Subban                

Last Minutes Defensive
   Center                   Left Wing                Right Wing               Defense                  Defense                  
   Jason Spezza             Mike Cammalleri          Nick Palmieri            Drew Doughty             PK Subban                

Goaltenders
Starting : Ryan Miller              
Backup : Antti Niemi              

Extra Forwards
Normal : Milan Michalek, Bobby Butler, Phil Di Giuseppe - PP : Milan Michalek, Bobby Butler - PK : Zach Boychuk
Extra Defensemen
Normal : Andrej Sekera, Brayden McNabb, David Rundblad - PP : Andrej Sekera - PK : Brayden McNabb, David Rundblad
Penalty Shots
Jason Spezza, Nick Palmieri, Mike Cammalleri, Milan Michalek, Phil Di Giuseppe

Scratches
Brandon Dubinsky (Upper Body Injury), Jiri Tlusty (Healthy)

Maple Leafs

5 vs 5 Forward 
   Center                   Left Wing                Right Wing               Time % Phy DF OF 
 1 Brayden Schenn           Claude Giroux            Patrick Kane             40     1   2  2  
 2 Logan Couture            Jake Guentzel            Ben Smith                30     1   2  2  
 3 Bo Horvat                Andre Burakovsky         Beau Bennett             20     1   2  2  
 4 Mika Zibanejad           Dany Heatley             Blake Comeau             10     1   2  2  

5 vs 5 Defense 
   Defense                  Defense                                           Time % Phy DF OF 
 1 Kevin Shattenkirk        John Klingberg                                    40     1   2  2  
 2 Braydon Coburn           Hampus Lindholm                                   30     1   2  2  
 3 Ryan Parent              Calvin de Haan                                    20     1   2  2  
 4 Kevin Shattenkirk        John Klingberg                                    10     1   2  2  

PowerPlay Forward 
   Center                   Left Wing                Right Wing               Time % Phy DF OF 
 1 Brayden Schenn           Claude Giroux            Patrick Kane             60     1   2  2  
 2 Logan Couture            Jake Guentzel            Ben Smith                40     1   2  2  

PowerPlay Defense
   Defense                  Defense                                           Time % Phy DF OF 
 1 Kevin Shattenkirk        John Klingberg                                    60     1   2  2  
 2 Braydon Coburn           Hampus Lindholm                                   40     1   2  2  

Penalty Kill 4 Players Forward 
   Center                   Wing                     Time % Phy DF OF 
 1 Logan Couture            Claude Giroux            60     1   2  2  
 2 Brayden Schenn           Patrick Kane             40     1   2  2  

Penalty Kill 4 Players Defense
   Defense                  Defense                  Time % Phy DF OF 
 1 Kevin Shattenkirk        John Klingberg           60     1   2  2  
 2 Braydon Coburn           Hampus Lindholm          40     1   2  2  

Penalty Kill - 3 Players Forward 
   Forward                                           Time % Phy DF OF 
 1 Brayden Schenn                                    60     1   2  2  
 2 Logan Couture                                     40     1   2  2  

Penalty Kill - 3 Players Defense
   Defense                  Defense                  Time % Phy DF OF 
 1 Kevin Shattenkirk        John Klingberg           60     1   2  2  
 2 Braydon Coburn           Hampus Lindholm          40     1   2  2  

4 vs 4 Forward 
   Center                   Wing                     Time % Phy DF OF 
 1 Logan Couture            Patrick Kane             60     1   2  2  
 2 Brayden Schenn           Claude Giroux            40     1   2  2  

4 vs 4 Defense
   Defense                  Defense                  Time % Phy DF OF 
 1 Kevin Shattenkirk        John Klingberg           60     1   2  2  
 2 Braydon Coburn           Hampus Lindholm          40     1   2  2  

Last Minutes Offensive
   Center                   Left Wing                Right Wing               Defense                  Defense                  
   Brayden Schenn           Claude Giroux            Patrick Kane             Kevin Shattenkirk        John Klingberg           

Last Minutes Defensive
   Center                   Left Wing                Right Wing               Defense                  Defense                  
   Brayden Schenn           Claude Giroux            Patrick Kane             Kevin Shattenkirk        Braydon Coburn           

Goaltenders
Starting : Tyler Weiman             
Backup : John Gibson              

Extra Forwards
Normal : Mika Zibanejad, Dany Heatley, Brayden Schenn - PP : Mika Zibanejad, Dany Heatley - PK : Logan Couture
Extra Defensemen
Normal : Ryan Parent, Calvin de Haan, Braydon Coburn - PP : Ryan Parent - PK : Calvin de Haan, Braydon Coburn
Penalty Shots
Claude Giroux, Patrick Kane, Brayden Schenn, Ben Smith, Logan Couture

Scratches
Chris Kelly (Healthy)

% Time on Ice - Sharks

Lines # - Real PCT - Wanted PCT - Time Play
Normal Forward
1 - 37% - 40% - 17:17
2 - 27% - 30% - 12:37
3 - 27% - 20% - 12:43
4 - 9% - 10% - 4:11
Normal Defense
1 - 37% - 40% - 17:11
2 - 30% - 30% - 14:05
3 - 26% - 20% - 12:10
4 - 7% - 10% - 3:22
PP Forward
1 - 55% - 60% - 3:28
2 - 45% - 40% - 2:53
PP Defense
1 - 63% - 60% - 4:01
2 - 37% - 40% - 2:20
PK Forward
1 - 83% - 60% - 5:07
2 - 17% - 40% - 1:03
PK Defense
1 - 59% - 60% - 3:37
2 - 41% - 40% - 2:33
PK3 Forward
1 - 0% - 60%
2 - 0% - 40%
PK3 Defense
1 - 0% - 60%
2 - 0% - 40%
44 Forward
1 - 0% - 60%
2 - 0% - 40%
44 Defense
1 - 0% - 60%
2 - 0% - 40%
Last Minute Offensive  - 0:00
Last Minute Defensive  - 0:41
Total
Forward - 60:00
Defense - 60:00

% Time on Ice - Maple Leafs

Lines # - Real PCT - Wanted PCT - Time Play
Normal Forward
1 - 34% - 40% - 15:55
2 - 27% - 30% - 12:50
3 - 22% - 20% - 10:16
4 - 17% - 10% - 8:00
Normal Defense
1 - 39% - 40% - 18:29
2 - 33% - 30% - 15:37
3 - 25% - 20% - 11:46
4 - 2% - 10% - 1:09
PP Forward
1 - 56% - 60% - 3:29
2 - 44% - 40% - 2:41
PP Defense
1 - 63% - 60% - 3:53
2 - 37% - 40% - 2:17
PK Forward
1 - 80% - 60% - 5:05
2 - 20% - 40% - 1:16
PK Defense
1 - 51% - 60% - 3:14
2 - 49% - 40% - 3:07
PK3 Forward
1 - 0% - 60%
2 - 0% - 40%
PK3 Defense
1 - 0% - 60%
2 - 0% - 40%
44 Forward
1 - 0% - 60%
2 - 0% - 40%
44 Defense
1 - 0% - 60%
2 - 0% - 40%
Last Minute Offensive  - 0:28
Last Minute Defensive  - 0:00
Total
Forward - 60:00
Defense - 60:00

Play-by-Play

1st period


0:01 of 1st period - Claude Giroux wins face-off versus Jason Spezza in neutral zone.
0:04 of 1st period - Drew Doughty is hit by Claude Giroux and loses puck.
2:01 of 1st period - Slapshot by Kevin Shattenkirk.
2:01 of 1st period - Stopped by Ryan Miller with a rebound.
2:03 of 1st period - Wrist shot by Logan Couture.
2:03 of 1st period - Shot Blocked by Karl Alzner.
2:05 of 1st period - Wrist shot by Logan Couture.
2:05 of 1st period - Stopped by Ryan Miller with a rebound.
2:07 of 1st period - Wrist shot by Ben Smith.
2:07 of 1st period - Deflect By Jake Guentzel.
2:07 of 1st period - Shot Blocked by PK Subban.
2:07 of 1st period - Puck is out of play.
2:08 of 1st period - Brayden Schenn wins face-off versus Jason Spezza in Sharks zone.
3:11 of 1st period - Slapshot by John Klingberg.
3:11 of 1st period - Stopped by Ryan Miller without a rebound.
3:12 of 1st period - Jason Spezza wins face-off versus Mika Zibanejad in Sharks zone.
3:12 of 1st period - Jason Spezza is hit by Blake Comeau.
3:36 of 1st period - Patrick Kane is hit by Oskar Osala and loses puck.
5:53 of 1st period - Snap shot by Luke Adam.
5:53 of 1st period - Stopped by Tyler Weiman without a rebound.
5:54 of 1st period - Luke Adam wins face-off versus Brayden Schenn in Maple Leafs zone.
5:57 of 1st period - Snap shot by Luke Adam.
5:57 of 1st period - Shot Misses the Net.
5:59 of 1st period - Wrist shot by Luke Adam.
5:59 of 1st period - Stopped by Tyler Weiman with a rebound.
6:07 of 1st period - Wrist shot by Zach Boychuk.
6:07 of 1st period - Stopped by Tyler Weiman with a rebound.
6:09 of 1st period - Snap shot by Bobby Butler.
6:09 of 1st period - Stopped by Tyler Weiman with a rebound.
6:11 of 1st period - Snap shot by Luke Adam.
6:11 of 1st period - Shot Misses the Net.
6:13 of 1st period - Slapshot by Luke Adam.
6:13 of 1st period - Stopped by Tyler Weiman with a rebound.
7:00 of 1st period - Zach Boychuk is hit by Kevin Shattenkirk and loses puck.
7:17 of 1st period - Slapshot by Brayden Schenn.
7:17 of 1st period - Stopped by Ryan Miller with a rebound.
7:41 of 1st period - Snap shot by Luke Adam.
7:41 of 1st period - Stopped by Tyler Weiman without a rebound.
7:42 of 1st period - Jason Spezza wins face-off versus Logan Couture in Maple Leafs zone.
8:28 of 1st period - Wrist shot by Bo Horvat.
8:28 of 1st period - Shot Misses the Net.
8:30 of 1st period - Slapshot by Hampus Lindholm.
8:30 of 1st period - Shot Misses the Net.
10:17 of 1st period - Ryan Parent is hit by Phil Di Giuseppe and loses puck.
10:50 of 1st period - Milan Michalek is hit by Patrick Kane and loses puck.
12:04 of 1st period - Bo Horvat is hit by Karl Alzner and loses puck.
14:27 of 1st period - Snap shot by Logan Couture.
14:27 of 1st period - Stopped by Ryan Miller without a rebound.
14:28 of 1st period - Bobby Butler wins face-off versus Logan Couture in Sharks zone.
14:53 of 1st period - Kevin Shattenkirk is hit by T.J. Hensick and loses puck.
15:04 of 1st period - Snap shot by Nick Palmieri.
15:04 of 1st period - Deflect By Jason Spezza.
15:04 of 1st period - Shot Misses the Net.
15:04 of 1st period - Puck is out of play.
15:05 of 1st period - Mike Cammalleri wins face-off versus Brayden Schenn in Maple Leafs zone.
15:14 of 1st period - Snap shot by Nick Palmieri.
15:14 of 1st period - Goal by Nick Palmieri - Sharks : 1 - Maple Leafs : 0.
15:15 of 1st period - Jason Spezza wins face-off versus Brayden Schenn in neutral zone.
15:20 of 1st period - Snap shot by Jason Spezza.
15:20 of 1st period - Stopped by Tyler Weiman without a rebound.
15:21 of 1st period - Brayden Schenn wins face-off versus Mike Cammalleri in Maple Leafs zone.
16:10 of 1st period - Milan Michalek is hit by Dany Heatley and loses puck.
16:15 of 1st period - Wrist shot by Blake Comeau.
16:15 of 1st period - Stopped by Ryan Miller without a rebound.
16:16 of 1st period - Jason Spezza wins face-off versus Mika Zibanejad in Sharks zone.
16:41 of 1st period - Mike Cammalleri is hit by Mika Zibanejad and loses puck.
17:18 of 1st period - Snap shot by Nick Palmieri.
17:18 of 1st period - Stopped by Tyler Weiman with a rebound.
17:20 of 1st period - Snap shot by Mike Cammalleri.
17:20 of 1st period - Stopped by Tyler Weiman with a rebound.
17:28 of 1st period - Snap shot by Nick Palmieri.
17:28 of 1st period - Shot Misses the Net.
17:30 of 1st period - Backhand shot by Nick Palmieri.
17:30 of 1st period - Stopped by Tyler Weiman without a rebound.
17:31 of 1st period - Milan Michalek wins face-off versus Brayden Schenn in Maple Leafs zone.
18:00 of 1st period - Snap shot by Logan Couture.
18:00 of 1st period - Stopped by Ryan Miller without a rebound.
18:01 of 1st period - Luke Adam wins face-off versus Ben Smith in Sharks zone.
18:17 of 1st period - Slapshot by Hampus Lindholm.
18:17 of 1st period - Stopped by Ryan Miller with a rebound.
18:37 of 1st period - Slapshot by Drew Doughty.
18:37 of 1st period - Stopped by Tyler Weiman with a rebound.
18:39 of 1st period - Snap shot by Luke Adam.
18:39 of 1st period - Stopped by Tyler Weiman with a rebound.
19:19 of 1st period - Snap shot by Luke Adam.
19:19 of 1st period - Stopped by Tyler Weiman without a rebound.
19:20 of 1st period - Jason Spezza wins face-off versus Brayden Schenn in Maple Leafs zone.
19:45 of 1st period - Drew Doughty is hit by Beau Bennett and loses puck.
19:54 of 1st period - Wrist shot by Beau Bennett.
19:54 of 1st period - Stopped by Ryan Miller without a rebound.
19:55 of 1st period - Jason Spezza wins face-off versus Brayden Schenn in Sharks zone.
Goals for this period are 1 for Sharks vs 0 for Maple Leafs.
Shots for this period are 14 for Sharks vs 9 for Maple Leafs.

2nd period


0:01 of 2nd period - Mike Cammalleri wins face-off versus Brayden Schenn in neutral zone.
0:04 of 2nd period - Slapshot by Drew Doughty.
0:04 of 2nd period - Stopped by Tyler Weiman without a rebound.
0:05 of 2nd period - Jason Spezza wins face-off versus Brayden Schenn in Maple Leafs zone.
1:28 of 2nd period - Slapshot by Ben Smith.
1:28 of 2nd period - Stopped by Ryan Miller without a rebound.
1:29 of 2nd period - Jason Spezza wins face-off versus Logan Couture in Sharks zone.
1:36 of 2nd period - Snap shot by Andrej Sekera.
1:36 of 2nd period - Stopped by Tyler Weiman with a rebound.
1:54 of 2nd period - Hampus Lindholm is hit by Milan Michalek and loses puck.
1:59 of 2nd period - Wrist shot by T.J. Hensick.
1:59 of 2nd period - Deflect By Oskar Osala.
1:59 of 2nd period - Shot Misses the Net.
1:59 of 2nd period - Puck is out of play.
2:00 of 2nd period - Brayden Schenn wins face-off versus T.J. Hensick in Maple Leafs zone.
2:00 of 2nd period - Brayden Schenn is hit by Tyler Cuma.
2:08 of 2nd period - Wrist shot by Claude Giroux.
2:08 of 2nd period - Shot Misses the Net.
2:10 of 2nd period - Slapshot by Brayden Schenn.
2:10 of 2nd period - Shot Misses the Net.
2:12 of 2nd period - Slapshot by Calvin de Haan.
2:12 of 2nd period - Shot Blocked by Oskar Osala.
2:17 of 2nd period - Minor Penalty to Tyler Cuma for Holding.
2:18 of 2nd period - Jason Spezza wins face-off versus Brayden Schenn in Sharks zone.
2:18 of 2nd period - Jason Spezza is hit by Claude Giroux.
3:27 of 2nd period - Mike Cammalleri is hit by Claude Giroux.
4:17 of 2nd period - Penalty to Tyler Cuma is over, Tyler Cuma is back on ice.
4:28 of 2nd period - Slapshot by Andrej Sekera.
4:28 of 2nd period - Shot Misses the Net.
4:42 of 2nd period - Andre Burakovsky is hit by Milan Michalek and loses puck.
4:53 of 2nd period - Wrist shot by T.J. Hensick.
4:53 of 2nd period - Stopped by Tyler Weiman with a rebound.
5:30 of 2nd period - Jason Spezza is hit by Andre Burakovsky.
7:23 of 2nd period - Mike Cammalleri is hit by Beau Bennett and loses puck.
7:30 of 2nd period - Jason Spezza is hit by Andre Burakovsky and loses puck.
7:39 of 2nd period - Minor Penalty to Hampus Lindholm for Roughing.
7:40 of 2nd period - Logan Couture wins face-off versus Boone Jenner in Maple Leafs zone.
9:39 of 2nd period - Penalty to Hampus Lindholm is over, Hampus Lindholm is back on ice.
10:11 of 2nd period - Slapshot by Andre Burakovsky.
10:11 of 2nd period - Stopped by Ryan Miller with a rebound.
10:13 of 2nd period - Wrist shot by Braydon Coburn.
10:13 of 2nd period - Stopped by Ryan Miller without a rebound.
10:14 of 2nd period - T.J. Hensick wins face-off versus Bo Horvat in Sharks zone.
10:14 of 2nd period - T.J. Hensick is hit by Andre Burakovsky.
10:24 of 2nd period - Slapshot by Kevin Shattenkirk.
10:24 of 2nd period - Shot Misses the Net.
11:38 of 2nd period - Nick Palmieri is hit by Jake Guentzel.
12:25 of 2nd period - Snap shot by Logan Couture.
12:25 of 2nd period - Stopped by Ryan Miller with a rebound.
12:27 of 2nd period - Snap shot by Logan Couture.
12:27 of 2nd period - Goal by Logan Couture - Sharks : 1 - Maple Leafs : 1.
12:28 of 2nd period - Brayden Schenn wins face-off versus Jason Spezza in neutral zone.
12:55 of 2nd period - Braydon Coburn is hit by T.J. Hensick and loses puck.
13:11 of 2nd period - Minor Penalty to Hampus Lindholm for Interference.
13:12 of 2nd period - Jason Spezza wins face-off versus Logan Couture in Maple Leafs zone.
13:39 of 2nd period - Logan Couture is hit by Boone Jenner and loses puck.
15:08 of 2nd period - Kevin Shattenkirk is hit by Milan Michalek and loses puck.
15:11 of 2nd period - Penalty to Hampus Lindholm is over, Hampus Lindholm is back on ice.
15:15 of 2nd period - Snap shot by Bobby Butler.
15:15 of 2nd period - Deflect By Milan Michalek.
15:15 of 2nd period - Stopped by Tyler Weiman without a rebound.
15:16 of 2nd period - Bobby Butler wins face-off versus Bo Horvat in Maple Leafs zone.
15:23 of 2nd period - Wrist shot by Zach Boychuk.
15:23 of 2nd period - Stopped by Tyler Weiman without a rebound.
15:24 of 2nd period - Luke Adam wins face-off versus Bo Horvat in Maple Leafs zone.
15:38 of 2nd period - Off-side.
15:39 of 2nd period - Brayden Schenn wins face-off versus Jason Spezza in neutral zone.
15:42 of 2nd period - Snap shot by Claude Giroux.
15:42 of 2nd period - Stopped by Ryan Miller with a rebound.
15:47 of 2nd period - Minor Penalty to Nick Palmieri for Hooking.
15:48 of 2nd period - Brayden Schenn wins face-off versus Jason Spezza in Sharks zone.
15:54 of 2nd period - Wrist shot by Brayden Schenn.
15:54 of 2nd period - Stopped by Ryan Miller with a rebound.
15:56 of 2nd period - Wrist shot by John Klingberg.
15:56 of 2nd period - Shot Misses the Net.
15:58 of 2nd period - Snap shot by Kevin Shattenkirk.
15:58 of 2nd period - Shot Misses the Net.
16:00 of 2nd period - Wrist shot by Patrick Kane.
16:00 of 2nd period - Goal by Patrick Kane - Sharks : 1 - Maple Leafs : 2.
16:01 of 2nd period - Nick Palmieri wins face-off versus Brayden Schenn in neutral zone.
16:04 of 2nd period - Patrick Kane is hit by Mike Cammalleri and loses puck.
16:09 of 2nd period - Wrist shot by Nick Palmieri.
16:09 of 2nd period - Goal by Nick Palmieri - Sharks : 2 - Maple Leafs : 2.
16:10 of 2nd period - Brayden Schenn wins face-off versus Jason Spezza in neutral zone.
16:43 of 2nd period - Wrist shot by Zach Boychuk.
16:43 of 2nd period - Shot Misses the Net.
16:45 of 2nd period - Wrist shot by Luke Adam.
16:45 of 2nd period - Shot Misses the Net.
16:47 of 2nd period - Snap shot by Tyler Cuma.
16:47 of 2nd period - Deflect By Ben Smith.
16:47 of 2nd period - Stopped by Tyler Weiman without a rebound.
16:48 of 2nd period - Brayden Schenn wins face-off versus Jason Spezza in Maple Leafs zone.
16:48 of 2nd period - Brayden Schenn is hit by Nick Palmieri.
17:45 of 2nd period - Braydon Coburn is hit by Luke Adam and loses puck.
17:55 of 2nd period - Hampus Lindholm is hit by Drew Doughty and loses puck.
18:02 of 2nd period - Braydon Coburn is hit by Jason Spezza and loses puck.
19:03 of 2nd period - Kevin Shattenkirk is hit by Brayden McNabb and loses puck.
19:32 of 2nd period - Minor Penalty to Patrick Kane for Interference.
19:33 of 2nd period - Nick Palmieri wins face-off versus Logan Couture in Maple Leafs zone.
19:38 of 2nd period - Wrist shot by Jason Spezza.
19:38 of 2nd period - Shot Blocked by Logan Couture.
19:48 of 2nd period - Slapshot by Tyler Cuma.
19:48 of 2nd period - Stopped by Tyler Weiman without a rebound.
19:49 of 2nd period - Logan Couture wins face-off versus Nick Palmieri in Maple Leafs zone.
Goals for this period are 1 for Sharks vs 2 for Maple Leafs.
Shots for this period are 8 for Sharks vs 8 for Maple Leafs.

3rd period


0:01 of 3rd period - Jason Spezza wins face-off versus Logan Couture in neutral zone.
0:04 of 3rd period - John Klingberg is hit by Jason Spezza and loses puck.
0:25 of 3rd period - Kevin Shattenkirk is hit by T.J. Hensick and loses puck.
1:32 of 3rd period - Penalty to Patrick Kane is over, Patrick Kane is back on ice.
1:42 of 3rd period - Boone Jenner is hit by Andre Burakovsky and loses puck.
2:01 of 3rd period - Snap shot by Zach Boychuk.
2:01 of 3rd period - Deflect By Bobby Butler.
2:01 of 3rd period - Shot Blocked by Braydon Coburn.
2:01 of 3rd period - Puck is out of play.
2:02 of 3rd period - Mika Zibanejad wins face-off versus Luke Adam in Maple Leafs zone.
2:06 of 3rd period - John Klingberg is hit by Bobby Butler.
2:32 of 3rd period - Wrist shot by Claude Giroux.
2:32 of 3rd period - Shot Misses the Net.
3:18 of 3rd period - Kevin Shattenkirk is hit by Jason Spezza and loses puck.
3:22 of 3rd period - Icing by Kevin Shattenkirk.
3:23 of 3rd period - Brayden Schenn wins face-off versus Jason Spezza in Maple Leafs zone.
3:46 of 3rd period - Milan Michalek is hit by Jake Guentzel and loses puck.
3:51 of 3rd period - Snap shot by Jake Guentzel.
3:51 of 3rd period - Shot Misses the Net.
3:53 of 3rd period - Wrist shot by Logan Couture.
3:53 of 3rd period - Goal by Logan Couture - Sharks : 2 - Maple Leafs : 3.
3:54 of 3rd period - Jason Spezza wins face-off versus Brayden Schenn in neutral zone.
4:28 of 3rd period - Wrist shot by Jason Spezza.
4:28 of 3rd period - Goal by Jason Spezza - Sharks : 3 - Maple Leafs : 3.
4:29 of 3rd period - T.J. Hensick wins face-off versus Brayden Schenn in neutral zone.
5:04 of 3rd period - Icing by PK Subban.
5:05 of 3rd period - Jake Guentzel wins face-off versus Jason Spezza in Sharks zone.
5:08 of 3rd period - Snap shot by Jake Guentzel.
5:08 of 3rd period - Shot Misses the Net.
5:10 of 3rd period - Snap shot by Jake Guentzel.
5:10 of 3rd period - Stopped by Ryan Miller without a rebound.
5:11 of 3rd period - Jason Spezza wins face-off versus Logan Couture in Sharks zone.
5:11 of 3rd period - Jason Spezza is hit by Logan Couture.
5:27 of 3rd period - Wrist shot by Ben Smith.
5:27 of 3rd period - Shot Misses the Net.
6:10 of 3rd period - Minor Penalty to Zach Boychuk for Hooking.
6:11 of 3rd period - Brayden Schenn wins face-off versus Jason Spezza in Sharks zone.
6:45 of 3rd period - Slapshot by Kevin Shattenkirk.
6:45 of 3rd period - Shot Blocked by PK Subban.
8:10 of 3rd period - Penalty to Zach Boychuk is over, Zach Boychuk is back on ice.
8:22 of 3rd period - Snap shot by Zach Boychuk.
8:22 of 3rd period - Stopped by Tyler Weiman with a rebound.
8:26 of 3rd period - Snap shot by Bobby Butler.
8:26 of 3rd period - Shot Blocked by Bo Horvat.
8:42 of 3rd period - Wrist shot by Oskar Osala.
8:42 of 3rd period - Stopped by Tyler Weiman with a rebound.
8:44 of 3rd period - Slapshot by PK Subban.
8:44 of 3rd period - Deflect By T.J. Hensick.
8:44 of 3rd period - Shot Misses the Net.
8:44 of 3rd period - Puck is out of play.
8:45 of 3rd period - Mika Zibanejad wins face-off versus T.J. Hensick in Maple Leafs zone.
8:56 of 3rd period - Slapshot by Mika Zibanejad.
8:56 of 3rd period - Shot Misses the Net.
9:05 of 3rd period - Icing by Andrej Sekera.
9:06 of 3rd period - Brayden Schenn wins face-off versus Jason Spezza in Sharks zone.
9:07 of 3rd period - Snap shot by Patrick Kane.
9:07 of 3rd period - Shot Blocked by Brayden McNabb.
9:09 of 3rd period - Snap shot by John Klingberg.
9:09 of 3rd period - Shot Misses the Net.
9:11 of 3rd period - Backhand shot by John Klingberg.
9:11 of 3rd period - Shot Misses the Net.
9:41 of 3rd period - Slapshot by John Klingberg.
9:41 of 3rd period - Stopped by Ryan Miller with a rebound.
9:43 of 3rd period - Snap shot by Ben Smith.
9:43 of 3rd period - Stopped by Ryan Miller without a rebound.
9:44 of 3rd period - Brayden Schenn wins face-off versus Jason Spezza in Sharks zone.
9:47 of 3rd period - Slapshot by Patrick Kane.
9:47 of 3rd period - Stopped by Ryan Miller without a rebound.
9:48 of 3rd period - Brayden Schenn wins face-off versus Jason Spezza in Sharks zone.
9:51 of 3rd period - Snap shot by Claude Giroux.
9:51 of 3rd period - Stopped by Ryan Miller without a rebound.
9:52 of 3rd period - Jason Spezza wins face-off versus Brayden Schenn in Sharks zone.
10:19 of 3rd period - Snap shot by Drew Doughty.
10:19 of 3rd period - Shot Blocked by Ryan Parent.
10:21 of 3rd period - Slapshot by Tyler Cuma.
10:21 of 3rd period - Shot Blocked by Calvin de Haan.
10:23 of 3rd period - Snap shot by Nick Palmieri.
10:23 of 3rd period - Deflect By Jason Spezza.
10:23 of 3rd period - Sharks goal is going for a video replay.
10:23 of 3rd period - The goal is good.
10:23 of 3rd period - Goal by Jason Spezza - Sharks : 4 - Maple Leafs : 3.
10:24 of 3rd period - T.J. Hensick wins face-off versus Brayden Schenn in neutral zone.
10:51 of 3rd period - Ben Smith is hit by Jason Spezza and loses puck.
10:58 of 3rd period - Wrist shot by Jason Spezza.
10:58 of 3rd period - Shot Blocked by John Klingberg.
11:00 of 3rd period - Wrist shot by Nick Palmieri.
11:00 of 3rd period - Deflect By John Klingberg.
11:00 of 3rd period - Stopped by Tyler Weiman without a rebound.
11:01 of 3rd period - Brayden Schenn wins face-off versus Jason Spezza in Maple Leafs zone.
11:26 of 3rd period - T.J. Hensick is hit by Hampus Lindholm and loses puck.
11:35 of 3rd period - Wrist shot by Jake Guentzel.
11:35 of 3rd period - Stopped by Ryan Miller without a rebound.
11:36 of 3rd period - Logan Couture wins face-off versus Jason Spezza in Sharks zone.
12:05 of 3rd period - Snap shot by Ryan Parent.
12:05 of 3rd period - Shot Blocked by Tyler Cuma.
12:13 of 3rd period - Wrist shot by Claude Giroux.
12:13 of 3rd period - Stopped by Ryan Miller with a rebound.
12:31 of 3rd period - Snap shot by Bo Horvat.
12:31 of 3rd period - Stopped by Ryan Miller with a rebound.
12:59 of 3rd period - Slapshot by Dany Heatley.
12:59 of 3rd period - Shot Misses the Net.
13:01 of 3rd period - Slapshot by Ryan Parent.
13:01 of 3rd period - Shot Misses the Net.
13:42 of 3rd period - Kevin Shattenkirk is hit by Brayden McNabb and loses puck.
14:21 of 3rd period - Blake Comeau is hit by Jason Spezza and loses puck.
15:36 of 3rd period - Dany Heatley is hit by Milan Michalek and loses puck.
15:58 of 3rd period - Icing by Beau Bennett.
15:59 of 3rd period - Bo Horvat wins face-off versus Phil Di Giuseppe in Maple Leafs zone.
16:39 of 3rd period - Luke Adam is hit by Logan Couture and loses puck.
16:48 of 3rd period - Snap shot by Logan Couture.
16:48 of 3rd period - Stopped by Ryan Miller with a rebound.
16:50 of 3rd period - Wrist shot by Logan Couture.
16:50 of 3rd period - Shot Blocked by Andrej Sekera.
16:52 of 3rd period - Slapshot by Logan Couture.
16:52 of 3rd period - Stopped by Ryan Miller with a rebound.
16:54 of 3rd period - Minor Penalty to Andrej Sekera for Goalie Interference.
16:55 of 3rd period - Jason Spezza wins face-off versus Brayden Schenn in Sharks zone.
17:10 of 3rd period - Backhand shot by Kevin Shattenkirk.
17:10 of 3rd period - Shot Blocked by Jason Spezza.
17:12 of 3rd period - Slapshot by Kevin Shattenkirk.
17:12 of 3rd period - Deflect By Patrick Kane.
17:12 of 3rd period - Shot Misses the Net.
17:12 of 3rd period - Puck is out of play.
17:13 of 3rd period - Jason Spezza wins face-off versus Logan Couture in Sharks zone.
17:20 of 3rd period - Backhand shot by Kevin Shattenkirk.
17:20 of 3rd period - Shot Blocked by PK Subban.
17:22 of 3rd period - Backhand shot by John Klingberg.
17:22 of 3rd period - Deflect By Drew Doughty.
17:22 of 3rd period - Stopped by Ryan Miller without a rebound.
17:23 of 3rd period - Logan Couture wins face-off versus Jason Spezza in Sharks zone.
17:48 of 3rd period - Brayden Schenn is hit by Mike Cammalleri.
17:52 of 3rd period - Slapshot by Kevin Shattenkirk.
17:52 of 3rd period - Stopped by Ryan Miller with a rebound.
18:54 of 3rd period - Penalty to Andrej Sekera is over, Andrej Sekera is back on ice.
19:28 of 3rd period - Snap shot by Nick Palmieri.
19:28 of 3rd period - Shot Misses the Net.
19:30 of 3rd period - Snap shot by PK Subban.
19:30 of 3rd period - Shot Blocked by Dany Heatley.
19:35 of 3rd period - Minor Penalty to Mika Zibanejad for Roughing.
19:36 of 3rd period - Logan Couture wins face-off versus T.J. Hensick in Maple Leafs zone.
19:46 of 3rd period - Slapshot by Tyler Cuma.
19:46 of 3rd period - Shot Blocked by Logan Couture.
Goals for this period are 2 for Sharks vs 1 for Maple Leafs.
Shots for this period are 5 for Sharks vs 13 for Maple Leafs. Output by the SimonT Hockey Simulator (STHS) for Francois Prevost - Original Page W3C HTML5 Valid
Hockey Simulator - Hockey Simulation - Hockey Manager